 Dungeon Crawl Stone Soup version 0.29.0-4-gdea44cf6ec (webtiles) character file.

Game seed: 16103640481703292809

59 qw the Chopper (level 4, -2/26 HPs)
             Began as a Tengu Warper on Aug 28, 2022.
             Slain by a gnoll
             ... wielding a +0 spear
              (3 damage)
             ... on level 2 of the Dungeon.
             The game lasted 00:00:13 (1591 turns).

qw the Chopper (Tengu Warper)                       Turns: 1591, Time: 00:00:13

Health: -2/26      AC:  5    Str: 13    XL:     4   Next: 3%
Magic:  8/8        EV: 10    Int: 13    God:
Gold:   86         SH:  4    Dex: 14    Spells: 7/7 levels left

rFire   . . .      SeeInvis .   Y - +0 hand axe
rCold   . . .      Faith    .   d - +0 buckler {reflect}
rNeg    . . .      Spirit   .   g - +0 ring mail
rPois   .          Reflect  +   (helmet restricted)
rElec   .          Harm     .   (no cloak)
rCorr   .          Rampage  .   (no gloves)
Will    .....                   (boots unavailable)
Stlth   +.........              (no amulet)
HPRegen 0.08/turn               (no ring)
MPRegen 0.11/turn               (no ring)

@: no status effects
A: beak, talons 3
a: no special abilities


You were on level 2 of the Dungeon.
You visited 1 branch of the dungeon, and saw 2 of its levels.

You collected 86 gold pieces.


Innate Abilities, Weirdness & Mutations

You have a beak for a mouth.
You have claws for feet.


   Skills:
 - Level 2.0 Fighting
 + Level 4.3 Axes
 - Level 1.0 Throwing
 - Level 1.1 Armour
 - Level 2.1 Dodging
 - Level 1.1 Shields
 - Level 2.0 Spellcasting
 - Level 2.4 Translocations


You had 7 spell levels left.
You didn't know any spells.
Your spell library contained the following spells:

 Spells                   Type           Power      Damage    Failure   Level
 Blink                    Tloc           14%        N/A       38%         2
 Gell's Gravitas          Tloc           7%         N/A       63%         3
 Lesser Beckoning         Tloc           7%         N/A       63%         3
 Teleport Other           Tloc           7%         N/A       63%         3
 Manifold Assault         Tloc           7%         N/A       100%        5

Inventory:

Hand Weapons
 j - a +0 mace
 Y - a +0 hand axe (weapon)
Armour
 d - a +0 buckler of reflection (worn)
 g - a +0 ring mail (worn)
Jewellery
 f - a ring of protection from cold
Scrolls
 a - 3 scrolls of noise {unknown}
 e - 3 scrolls of enchant armour {unknown}
 i - a scroll of teleportation {unknown}
Potions
 b - a potion of haste {unknown}
 c - a potion of attraction {unknown}
 h - a potion of curing

Dungeon Overview and Level Annotations

Branches:
Dungeon (2/15)

Altars:

Shops:
D:1 ?


Message History

The goblin shoots a sling bullet.
The sling bullet hits you but does no damage.
The goblin unwields a +0 sling.
The goblin wields a +0 dagger.
You block the goblin's attack.
You see here 3 scrolls labelled HIKLACR RIUKA.
You slash the goblin!
You kill the goblin!
You start resting.
HP restored.
e - 3 scrolls labelled HIKLACR RIUKA You see here a scroll of blinking.
Found a leather armour.
You see here a +0 leather armour. 2 gnolls and a bat come into view.
Found 14 gold pieces.
The gnoll shouts!
You hear a shout!
You hear an angry hiss.
You hear a shout!
A gnoll comes into view. It is wielding a +0 spear.
An adder, a gnoll and a worm come into view.
The adder hisses angrily.
The gnoll shouts!
The bat barely misses you.
The gnoll hits you from afar with a +0 spear.
The gnoll closely misses you. The gnoll hits you but does no damage.
You closely miss the gnoll. You claw the gnoll, but do no damage.
You barely miss the worm. You miss the adder.
The adder bites you but does no damage. You block the gnoll's attack.
The gnoll closely misses you.
The gnoll hits you from afar with a +0 spear.
The worm bites you!
You hit the gnoll. Your peck misses the gnoll.
The gnoll is lightly wounded.
You barely miss the worm. You closely miss the adder.
The adder bites you but does no damage. The gnoll hits you but does no damage.
The gnoll hits you from afar with a +0 spear. x2
The adder bites you.
You hit the gnoll. You claw the gnoll, but do no damage.
The gnoll is moderately wounded.
You hit the worm. You barely miss the adder.
The adder bites you but does no damage. The gnoll hits you with a +0 club.
The gnoll hits you from afar with a +0 spear.
You die...

######## ##..## #.
##....## #.##
#<...##..##
#$..######..##.##..#
#.......#..##...##.##
#.......#.##.[)..#..#
#...ggg.#.#...#..)#.#
#...Sgwb#..#.....##.##
#@####.##.?%##..).
#.....[.##.##..###
#####....##...#
##......### ##...###
#####


You could see a worm, 4 gnolls, an adder and a bat.

Vanquished Creatures
  An adder (D:2)
  A worm (D:2)
  An orc (D:2)
  4 bats
  6 endoplasms
  2 giant cockroaches (D:1)
  4 goblins
  3 hobgoblins (D:1)
  3 jackals (D:1)
  3 quokkas
  3 ball pythons (D:1)
  A frilled lizard (D:2)
  3 kobolds
  9 rats
44 creatures vanquished.

Vanquished Creatures (others)
  2 plants (D:2)
2 creatures vanquished.

Grand Total: 46 creatures vanquished

Notes
Turn   | Place    | Note
-------+----------+-------------------------------------------
     0 | D:1      | qw the Tengu Warper began the quest for the Orb.
     0 | D:1      | Reached XP level 1. HP: 12/12 MP: 4/4
     0 | D:1      | 0 ||| qw: Version: 0.1-a-89-g26bdef1
     0 | D:1      | 0 ||| qw: Game counter: 2444
     0 | D:1      | 0 ||| qw: Always use a shield: true
     0 | D:1      | 0 ||| qw: God list: Okawaru
     0 | D:1      | 0 ||| qw: Allow faded altars: false
     0 | D:1      | 0 ||| qw: Do Orc after D:15 true
     0 | D:1      | 0 ||| qw: Do second Lair branch before Depths: true
     0 | D:1      | 0 ||| qw: Lair rune preference: random
     0 | D:1      | 0 ||| qw: Plans: Normal
     0 | D:1      | 0 ||| PLANNING D:1-11
   118 | D:1      | Found Vulirit's Magic Scroll Emporium.
   150 | D:1      | Reached XP level 2. HP: 17/17 MP: 6/6
   153 | D:1      | Reached skill level 3 in Axes
   179 | D:1      | 179 ||| SHOPLISTING scroll of enchant weapon (97 gold, have
                  | 9).
   179 | D:1      | 179 ||| SHOPLISTING scroll of identify (26 gold, have 9).
   221 | D:1      | 221 ||| Stepping ~*~*~tactically~*~*~ (stealth).
   228 | D:1      | 228 ||| Stepping ~*~*~tactically~*~*~ (stealth).
   230 | D:1      | 230 ||| Stepping ~*~*~tactically~*~*~ (stealth).
   235 | D:1      | 235 ||| Stepping ~*~*~tactically~*~*~ (stealth).
   237 | D:1      | 237 ||| Stepping ~*~*~tactically~*~*~ (stealth).
   239 | D:1      | 239 ||| Stepping ~*~*~tactically~*~*~ (stealth).
   241 | D:1      | 241 ||| Stepping ~*~*~tactically~*~*~ (stealth).
   243 | D:1      | 243 ||| Stepping ~*~*~tactically~*~*~ (stealth).
   246 | D:1      | 246 ||| Stepping ~*~*~tactically~*~*~ (stealth).
   306 | D:1      | 306 ||| Stepping ~*~*~tactically~*~*~ (stealth).
   309 | D:1      | 309 ||| Stepping ~*~*~tactically~*~*~ (stealth).
   323 | D:1      | 323 ||| Stepping ~*~*~tactically~*~*~ (stealth).
   580 | D:1      | Reached XP level 3. HP: 21/21 MP: 7/7
   777 | D:1      | Reached skill level 4 in Axes
  1013 | D:1      | 1013 ||| UPGRADING to +0 buckler of reflection.
  1018 | D:1      | 1018 ||| UPGRADING to +0 ring mail.
  1028 | D:1      | 1028 ||| DROPPING +0 leather armour.
  1029 | D:1      | 1029 ||| READING scroll labelled PALUDU FUDDUKU.
  1030 | D:1      | 1030 ||| DRINKING 2 viscous black potions.
  1031 | D:1      | 1031 ||| DROPPING scroll of blinking.
  1173 | D:2      | Found a faded altar of an unknown god.
  1335 | D:2      | Reached skill level 1 in Shields
  1347 | D:2      | 1347 ||| FLEEEEING.
  1348 | D:2      | 1348 ||| FLEEEEING.
  1349 | D:2      | 1349 ||| FLEEEEING.
  1350 | D:2      | 1350 ||| FLEEEEING.
  1351 | D:2      | 1351 ||| FLEEEEING.
  1352 | D:2      | 1352 ||| FLEEEEING.
  1353 | D:2      | 1353 ||| FLEEEEING.
  1354 | D:2      | 1354 ||| FLEEEEING.
  1355 | D:2      | 1355 ||| FLEEEEING.
  1356 | D:2      | 1356 ||| FLEEEEING.
  1357 | D:2      | 1357 ||| FLEEEEING.
  1358 | D:2      | 1358 ||| FLEEEEING.
  1359 | D:2      | 1359 ||| FLEEEEING.
  1360 | D:2      | 1360 ||| FLEEEEING.
  1361 | D:2      | 1361 ||| FLEEEEING.
  1362 | D:2      | 1362 ||| FLEEEEING.
  1363 | D:2      | 1363 ||| FLEEEEING.
  1364 | D:2      | 1364 ||| FLEEEEING.
  1365 | D:2      | 1365 ||| FLEEEEING.
  1366 | D:2      | 1366 ||| FLEEEEING.
  1367 | D:2      | 1367 ||| FLEEEEING.
  1368 | D:2      | 1368 ||| FLEEEEING.
  1369 | D:2      | 1369 ||| FLEEEEING.
  1370 | D:2      | 1370 ||| FLEEEEING.
  1371 | D:2      | 1371 ||| FLEEEEING.
  1372 | D:2      | 1372 ||| FLEEEEING.
  1473 | D:2      | 1473 ||| DROPPING +0 club.
  1533 | D:2      | Reached XP level 4. HP: 22/26 MP: 8/8
  1590 | D:2      | HP: 4/26 [gnoll/+0 spear (4)]
  1591 | D:2      | HP: 1/26 [gnoll/+0 club (1)]
  1591 | D:2      | Slain by a gnoll

Levels and vault maps discovered:
D:1:      zelgadis_glass_arrival_large, layout_basic, serial_shops,
          nicolae_shop_crystal, chequers_garden, hangedman_decor_push
D:2:      layout_basic, dreamdust_ecumenical_altar_hidden_monk_grotto,
          minmay_heptomino_w4

Skill      XL: |  1  2  3 |
---------------+----------+-----
Axes           | 3 4 |  4.3
Shields        | 1 |  1.1
Fighting       | |  2.0
Throwing       | |  1.0
Armour         | |  1.1
Dodging        | |  2.1
Spellcasting   | |  2.0
Translocations | |  2.4

Action                   |  1- 3 |  4- 6 || total
-------------------------+-------+-------++-------
Melee: Hand axe          |   101 |     5 ||   106
       Kick              |    18 |     2 ||    20
       Peck              |    13 |       ||    13
Throw: Boomerang         |     7 |       ||     7
  Use: Scroll            |     1 |       ||     1
       Potion            |     1 |       ||     1
Armor: Leather armour    |     9 |       ||     9
       Ring mail         |    21 |     6 ||    27
Dodge: Dodged            |    43 |     3 ||    46
Block: Buckler           |     5 |     2 ||     7

Table legend:
 A = Non-vault XP
 B = Vault XP
 C = Vault XP percentage of total XP
 D = Non-vault monster count
 E = Vault monster count
 F = Vault count percentage of total count
                 A         B        C        D         E       F
            +---------+---------+-------+---------+---------+-------
      Total |      70 |      15 |  17.6 |      37 |       7 |  15.9
            +---------+---------+-------+---------+---------+-------
        D:1 |      47 |       0 |   0.0 |      28 |       0 |   0.0
        D:2 |      23 |      15 |  39.5 |       9 |       7 |  43.8
            +---------+---------+-------+---------+---------+-------
